 Dungeon Crawl Stone Soup version 0.17.1-3-g152610e (webtiles) character file.

403 Jerry the Ducker (level 6, -1/42 HPs)
             Began as an Octopode Monk on Mar 13, 2016.
             Was a Believer of Cheibriados.
             Slain by an orc priest
             ... wielding a +4 mace of crushing
              (11 damage)
             ... on level 5 of the Dungeon.
             The game lasted 00:22:12 (4065 turns).

Jerry the Ducker (Octopode Monk)                    Turns: 4065, Time: 00:22:12

Health: -1/42      AC:  1    Str: 19    XL:     6   Next: 86%
Magic:  0/6        EV: 14    Int: 23    God:    Cheibriados [**....]
Gold:   174        SH: 10    Dex: 21    Spells: 0 memorised, 5 levels left

rFire  . . .     SeeInvis .       - Unarmed
rCold  + . .     Clarity  .     b - +0 shield
rNeg   . . .     SustAt   .     (helmet restricted)
rPois  .         Gourm    .     (no amulet)
rElec  .         Spirit   .     k - ring of protection from cold
rCorr  .         Warding  .     r - +6 ring of intelligence
rMut   .         Stasis   .     t - +3 ring of strength (curse)
MR     .....                    u - ring of invisibility
Stlth  ++++......               (no ring)
                                (no ring)
                                (no ring)
                                (no ring)

@: very slow, not resistant to hostile enchantments, stealthy
A: almost no armour, amphibious, 8 rings, constrict 8, camouflage 1, gelatinous
body 1
a: Bend Time, Renounce Religion, Evoke Invisibility


You were on level 5 of the Dungeon.
You worshipped Cheibriados.
Cheibriados was pleased with you.
You were hungry.

You visited 1 branch of the dungeon, and saw 5 of its levels.

You collected 232 gold pieces.
You spent 58 gold pieces at shops.

Inventory:

Armour
 b - a +0 shield (worn)
Rods
 j - a +0 lightning rod (12/12)
   (You found it on level 2 of the Dungeon)
Jewellery
 k - a ring of protection from cold (left tentacle)
 r - a +6 ring of intelligence (right tentacle)
 t - a cursed +3 ring of strength (on tentacle)
 u - a ring of invisibility (on tentacle)
Wands
 m - a wand of magic darts (6)
Scrolls
 e - a scroll of immolation {unknown}
 o - 2 scrolls of remove curse
 s - a scroll of identify
Potions
 c - 2 potions of curing
 f - a potion of brilliance
 g - 2 potions of flight
 h - a potion of lignification {unknown}
 i - 2 potions of degeneration {unknown}
Comestibles
 a - 6 bread rations
 d - a beef jerky
 l - 2 fruits
 n - a slice of pizza
 p - a meat ration
 q - a royal jelly


   Skills:
 - Level 3.1 Fighting
 - Level 4.8 Dodging
 - Level 4.0 Stealth
 + Level 4.2 Shields
 - Level 4.7 Unarmed Combat


You had 5 spell levels left.
You didn't know any spells.

Dungeon Overview and Level Annotations

Branches:
Dungeon (5/15)
 Temple: D:4-7

Altars:
Cheibriados
Dithmenos

Shops:
D:4 [

Annotations:
D:4 xlinjox8's ghost, amateur OgBe
D:5 Eustachio


Innate Abilities, Weirdness & Mutations

You cannot wear most types of armour.
You are amphibious.
You can wear up to eight rings at the same time.
You can use your tentacles to constrict eight enemies at once.
Your skin changes colour to match your surroundings (Stealth).
Your rubbery body absorbs attacks (AC +1).


Message History

The orc priest invokes the aid of Beogh against you.
Something smites you!
The orc shouts!
The orc wizard shouts!
You fail to use your ability.
The orc wizard hits you with a dagger. The orc priest closely misses you.
The flow of time bends around you.
The orc wizard resists with some effort.
Cheibriados rebukes the orc priest.
The orc priest seems to slow down.
Cheibriados rebukes the orc.
The orc seems to slow down.
You feel slightly more hungry. The orc wizard hits you with a dagger.
The orc misses you.
You don't have enough magic at the moment.
Unknown command.
You barely miss the orc wizard. Your grab misses the orc wizard.
The orc wizard gestures at you while chanting.
The magic dart hits you!
* * * LOW HITPOINT WARNING * * *
The orc priest hits you with a mace of crushing!
You die...

### ##### #.. ....
#.# ### #..# #.# #.#
#..# #
#####.##.#o##..###..#
#.........o@.........
#.##.#o##..###.. #.#
#.##...##
#.#####.....##..#
#...............#
#########.###### #.#
#.# ##'##


You could see an orc priest, an orc wizard and an orc.

Vanquished Creatures
  A centaur (D:5)
  A scorpion (D:4)
  2 orc priests (D:4)
  4 worker ants
  A worker ant zombie (D:3)
  2 adders
  An ooze (D:3)
  An adder skeleton (D:4)
  3 worms
  3 giant geckos
  5 orcs
  11 bats
  5 giant cockroaches
  5 hobgoblins
  6 jackals
  11 kobolds
  A quokka (D:3)
  4 giant newts
  4 goblins
  7 rats
78 creatures vanquished.

Notes
Turn   | Place    | Note
--------------------------------------------------------------
     0 | D:1      | Jerry the Octopode Monk began the quest for the Orb.
     0 | D:1      | Reached XP level 1. HP: 16/16 MP: 1/1
   106 | D:1      | Reached XP level 2. HP: 17/21 MP: 2/2
   520 | D:1      | Reached XP level 3. HP: 24/26 MP: 3/3
  1610 | D:3      | Reached XP level 4. HP: 29/31 MP: 4/4
  2674 | D:3      | Found a snail-covered altar of Cheibriados.
  2675 | D:3      | Found a shadowy altar of Dithmenos.
  2688 | D:3      | Became a worshipper of Cheibriados the Contemplative
  2688 | D:3      | Reached * piety under Cheibriados
  2688 | D:3      | Reached ** piety under Cheibriados
  2792 | D:4      | Found Moiraige's Armour Shop.
  2796 | D:4      | Bought a +0 shield for 58 gold pieces
  2835 | D:4      | Reached skill level 1 in Shields
  2835 | D:4      | Reached XP level 5. HP: 22/36 MP: 5/5
  3378 | D:4      | Reached XP level 6. HP: 36/42 MP: 6/6
  3737 | D:4      | Noticed xlinjox8's ghost (amateur OgBe)
  3843 | D:5      | Entered Level 5 of the Dungeon
  3958 | D:5      | Noticed Eustachio
  4065 | D:5      | Slain by an orc priest

Action                   |  1- 3 |  4- 6 || total
-------------------------+-------+-------++-------
Melee: Unarmed           |    84 |    97 ||   181
Invok: Bend Time         |       |     2 ||     2
Evoke: Wand              |     4 |     9 ||    13
       Rod               |       |     3 ||     3
  Use: Scroll            |     5 |     3 ||     8
 Stab: Sleeping          |    11 |    12 ||    23
  Eat: Chunk             |     2 |     5 ||     7
